 Dungeon Crawl Stone Soup version 0.30-a0-170-g85af917532 (webtiles) character file.

Game seed: 4300179272125879392

24 Sobieck the Sneak (level 3, -2/18 HPs)
             Began as a Vine Stalker Brigand on Sept 30, 2022.
             Slain by a gnoll
             ... wielding a +0 whip
              (4 damage)
             ... on level 2 of the Dungeon.
             The game lasted 00:01:27 (1159 turns).

Sobieck the Sneak (Vine Stalker Brigand)            Turns: 1159, Time: 00:01:27

Health: -2/18      AC:  3    Str: 13    XL:     3   Next: 2%
Magic:  0/4        EV: 11    Int: 11    God:
Gold:   67         SH:  4    Dex: 17    Spells: 2/2 levels left

rFire   . . .      SeeInvis .    a - +2 dagger {short}
rCold   . . .      Faith    .    p - +0 buckler
rNeg    . . .      Spirit   +    b - +0 robe
rPois   .          Reflect  .    (no helmet)
rElec   .          Harm     .    c - +0 cloak
rCorr   .          Rampage  .    (no gloves)
Will    .....                    (no boots)
Stlth   +++.......               (no amulet)
HPRegen 0.06/turn                (no ring)
MPRegen 0.09/turn                (no ring)

@: no status effects
A: fangs 2, magic shield, antimagic bite, no potion heal 2
a: no special abilities


You were on level 2 of the Dungeon.
You visited 1 branch of the dungeon, and saw 2 of its levels.

You collected 67 gold pieces.


Innate Abilities, Weirdness & Mutations

You have extremely sharp teeth.
When hurt, damage is shared between your health and your magic reserves.
Your bite disrupts and absorbs the magic of your enemies.
Potions cannot restore your health.


   Skills:
 - Level 2.0 Fighting
 + Level 2.2 Short Blades
 - Level 1.7 Throwing
 + Level 1.3 Dodging
 + Level 5.2 Stealth


You had 2 spell levels left.
You didn't know any spells.
Your spell library was empty.

Inventory:

Hand Weapons
 a - a +2 dagger (weapon) {short}
Missiles
 d - 9 poisoned darts (quivered) {throwing}
 e - 3 curare-tipped darts {=fthrowing}
 l - 4 stones {throwing}
Armour
 b - a +0 robe (worn)
 c - a +0 cloak (worn)
 o - a scarf of resistance
   (You found it on level 1 of the Dungeon)
 p - a +0 buckler (worn)
   (You found it on level 1 of the Dungeon)
 q - a +0 leather armour
   (You found it on level 1 of the Dungeon)
 r - a +0 leather armour
   (You found it on level 1 of the Dungeon)
Scrolls
 f - a scroll of teleportation {unknown}
 g - 4 scrolls of magic mapping {unknown}
 j - a scroll of immolation {unknown}
 k - a scroll of summoning {unknown}
 m - a scroll of enchant armour {unknown}
 n - a scroll of fear {unknown}
Potions
 h - a potion of brilliance {unknown}
 i - 2 potions of curing {unknown}
 s - a potion of might {unknown}

Dungeon Overview and Level Annotations

Branches:
Dungeon (2/15) Zot: 10845

Altars:

#.# ##.## #.#
###...##### #.#
#.......... #.#
#.#...#### #<#
#.##.## #<#
#.#...#### #.#
#...#....#
#.#######...##.#
#....@gg...###.#
############ #.#
#.# #.# ## #g#
#.####.# #.....#
##.#########
##.........


You could see 2 gnolls.


Message History

Unknown command.
n - a scroll labelled HAIQISHRAMU
o - a scarf of resistance Unknown command.
Okay, then.
Unknown command.
A bat comes into view.
Danger!
The helpless bat fails to defend itself.
You impale the bat!!
You kill the bat!
No target in view!
No target in view!
i - 2 grey potions (gained 1)
You see here a +0 buckler.
p - a +0 buckler
Okay, then.
You start putting on your armour.
You continue putting on your +0 buckler. x4
You finish putting on your +0 buckler.
Unknown command.
Unknown command.
q - a +0 leather armour You now have 53 gold pieces (gained 18).
r - a +0 leather armour
s - a clear potion Unknown command.
g - 4 scrolls labelled LILIPR EQEHOL (gained 3)
Things that are here:
a +0 dagger {short}; a goblin skeleton A bat comes into view.
Danger!
The helpless bat fails to defend itself.
You impale the bat!!
You kill the bat!
You have reached level 3!
Your experience leads to an increase in your attributes!
Increase (S)trength, (I)ntelligence, or (D)exterity?
You feel agile. x2
You see here a +0 short sword {short}.
Done exploring.
(D) Dungeon
Where to? (? - help)
There is a stone staircase leading down here.
You climb downwards.
Found a stone staircase leading up.
There is a stone staircase leading up here.
Unknown command.
Unknown command.
Unknown command.
A frilled lizard comes into view.
The frilled lizard hisses angrily.
Danger!
The frilled lizard closely misses you.
You closely miss the frilled lizard. You barely miss the frilled lizard.
Your bite misses the frilled lizard. The frilled lizard bites you.
You completely miss the frilled lizard.
You bite the frilled lizard, but do no damage.
You block the frilled lizard's attack.
You barely miss the frilled lizard. You bite the frilled lizard.
You kill the frilled lizard!
No target in view!
No target in view!
You now have 67 gold pieces (gained 14). 4 gnolls come into view.
The gnoll shouts!
Danger!
Unknown command.
Unknown command.
The gnoll shouts!
The gnoll hits you with a +0 whip! The gnoll closely misses you.
The gnoll shouts! x2
Unknown command.
Danger!
Unknown command.
Danger!
The gnoll attacks as you move away! The gnoll barely misses you.
The gnoll attacks as you move away! The gnoll barely misses you.
The gnoll attacks as you move away! The gnoll completely misses you.
The gnoll attacks as you move away! The gnoll barely misses you.
The gnoll attacks as you move away! The gnoll hits you with a +0 whip.
* * * LOW HITPOINT WARNING * * *
The gnoll attacks as you move away! The gnoll misses you.
The gnoll attacks as you move away! The gnoll hits you with a +0 whip.
* * * LOW HITPOINT WARNING * * *
Unknown command.
You hit the gnoll. Your bite misses the gnoll.
The gnoll hits you with a +0 whip.
* * * LOW HITPOINT WARNING * * *
You hit the gnoll. The gnoll hits you with a +0 whip.
* * * LOW HITPOINT WARNING * * *
Unknown command.
You hit the gnoll. You bite the gnoll, but do no damage.
The gnoll barely misses you.
You hit the gnoll. The gnoll hits you with a +0 whip.
* * * LOW HITPOINT WARNING * * *
You barely miss the gnoll. Your bite misses the gnoll.
The gnoll hits you with a +0 whip.
You die...

Skill      XL: |  1  2 |
---------------+-------+-----
Dodging        | 1 |  1.3
Stealth        | 5 |  5.2
Fighting       | 2 |  2.0
Short Blades   | 2 |  2.2
Throwing       | |  1.7

Action                   || total
-------------------------++-------
Melee: Dagger            ||    57
       Bite              ||    13
 Stab: Sleeping          ||     5
Armor: Robe              ||    11
Dodge: Dodged            ||    22
Block: Buckler           ||     1

Levels and vault maps discovered:
D:1:      spicycebolla_arrival_ecumenical, layout_rooms, st_stairs_6
D:2:      layout_loops_ring

Notes
Turn   | Place    | Note
-------+----------+-------------------------------------------
     0 | D:1      | Sobieck the Vine Stalker Brigand began the quest for the
                  | Orb.
     0 | D:1      | Reached XP level 1. HP: 11/11 MP: 2/2
    48 | D:1      | Reached skill level 1 in Dodging
    48 | D:1      | Reached skill level 5 in Stealth
    50 | D:1      | Reached XP level 2. HP: 6/15 MP: 1/3
   262 | D:1      | Reached skill level 2 in Fighting
   262 | D:1      | Reached skill level 2 in Short Blades
   991 | D:1      | Reached XP level 3. HP: 18/18 MP: 4/4
  1158 | D:2      | HP: 2/18 [gnoll/+0 whip (4)]
  1159 | D:2      | Slain by a gnoll

Vanquished Creatures
  A dart slug (D:1)
  A ball python (D:1)
  3 bats (D:1)
  A giant cockroach (D:1)
  2 goblins (D:1)
  3 hobgoblins (D:1)
  4 kobolds (D:1)
  5 frilled lizards
  A rat (D:1)
21 creatures vanquished.

Table legend:
 A = Non-vault XP
 B = Vault XP
 C = Vault XP percentage of total XP
 D = Non-vault monster count
 E = Vault monster count
 F = Vault count percentage of total count
                 A         B        C        D         E       F
            +---------+---------+-------+---------+---------+-------
      Total |      33 |       2 |   5.7 |      20 |       1 |   4.8
            +---------+---------+-------+---------+---------+-------
        D:1 |      32 |       2 |   5.9 |      19 |       1 |   5.0
        D:2 |       1 |       0 |   0.0 |       1 |       0 |   0.0
            +---------+---------+-------+---------+---------+-------

Illustrated notes

Table legend:
 A = Kills in this place as a percentage of kills in entire the game.
 B = Kills by you in this place as a percentage of kills by you in the entire game.
 C = Kills by friends in this place as a percentage of kills by friends in the entire game.
 D = Other kills in this place as a percentage of other kills in the entire game.
 E = Experience gained in this place as a percentage of experience gained in the entire game.
 F = Experience gained in this place divided by the number of levels of this place that you have seen.
                   A       B       C       D       E      F
               +-------+-------+-------+-------+-------+----------------------
         Total | 100.0 | 100.0 |   N/A |   N/A | 100.0 |  17.5
       Dungeon | 100.0 | 100.0 |   N/A |   N/A | 100.0 |  17.5
               +-------+-------+-------+-------+-------+----------------------

Table legend: (Time is in decaauts)
 A = Elapsed time spent in this place.
 B = Non-inter-level travel time spent in this place.
 C = Inter-level travel time spent in this place.
 D = Time resting spent in this place.
 E = Time spent auto-exploring this place.
 F = Levels seen in this place.
 G = Mean time per level.
                   A        B        C        D        E       F      G
               +--------+--------+--------+--------+--------+-----+--------+
         Total |   1154 |   1147 |      7 |    254 |    711 |   2 |  577.0 |
       Dungeon |   1154 |   1147 |      7 |    254 |    711 |   2 |  577.0 |
               +--------+--------+--------+--------+--------+-----+--------+

Top non-repeatable levels by time:
     D:1: 1073 daAuts
     D:2: 80 daAuts
